 Dungeon Crawl Stone Soup version 0.24-a0-169-g71aafec (webtiles) character file.

Game seed: 16505222226096272580

2037 thiefwriter the Cleaver (level 9, -12/69 HPs)
             Began as a Human Gladiator on Mar 8, 2019.
             Was a Follower of Uskayaw.
             Mangled by an orc warrior
             ... wielding a +0 battleaxe
              (16 damage)
             ... on level 7 of the Dungeon.
             The game lasted 00:27:21 (6164 turns).

thiefwriter the Cleaver (Human Gladiator)           Turns: 6164, Time: 00:27:22

Health: -12/69     AC:  6    Str: 16    XL:     9   Next: 48%
Magic:  15/15      EV: 14    Int:  9    God:    Uskayaw [*.....]
Gold:   275        SH:  3    Dex: 16    Spells: 8/8 levels left

rFire    + . .     SeeInvis .   a - +0 war axe
rCold    + . .     Gourm    .   A - +0 buckler {reflect}
rNeg     . . .     Faith    .   g - +0 ring mail
rPois    +         Spirit   .   c - +0 helmet
rElec    +         Reflect  +   (no cloak)
rCorr    +         Harm     +   (no gloves)
MR       .....                  (no boots)
Stlth    +.........             y - amulet of harm
HPRegen  0.21/turn              (no ring)
MPRegen  0.14/turn              (no ring)

@: resistant
A: no striking features
a: Stomp, Renounce Religion


You were on level 7 of the Dungeon.
You worshipped Uskayaw.
Uskayaw was aware of your devotion.
You were not hungry.

You visited 1 branch of the dungeon, and saw 7 of its levels.

You collected 368 gold pieces.
You spent 93 gold pieces at shops.

Inventory:

Hand Weapons
 a - a +0 war axe (weapon)
 h - a +0 blowgun
Missiles
 d - 3 throwing nets (quivered)
 q - 17 poisoned needles
Armour
 b - a +0 leather armour
 c - a +0 helmet (worn)
 g - a +0 ring mail (worn)
 A - a +0 buckler of reflection (worn)
Magical Staves
 i - an uncursed staff of energy
Jewellery
 m - an uncursed amulet of rage
 y - an amulet of harm (around neck)
 C - a +2 amulet of reflection {unknown}
Scrolls
 e - 3 scrolls of identify
 j - 3 scrolls of magic mapping {unknown}
 k - 3 scrolls of amnesia {unknown}
 n - 3 scrolls of remove curse {unknown}
 p - 3 scrolls of fog {unknown}
 x - a scroll of teleportation {unknown}
 z - a scroll of random uselessness {unknown}
Potions
 l - a potion of magic
 o - a potion of resistance
 r - 2 potions of haste {unknown}
 s - a potion of invisibility {unknown}
 t - 4 potions of agility {unknown}
 u - 3 potions of flight
 v - a potion of cancellation {unknown}
 w - 3 potions of lignification {unknown}
 B - 3 potions of degeneration {unknown}
Comestibles
 f - 6 rations


   Skills:
 + Level 5.8 Fighting
 * Level 9.0 Axes
 + Level 5.9 Throwing
 - Level 1.4 Armour
 + Level 6.5 Dodging
 - Level 1.3 Stealth
 * Level 8.3 Invocations


You had 8 spell levels left.
You didn't know any spells.
Your spell library contained the following spells:

 Spells                   Type           Power        Failure   Level  Hunger
 Flame Tongue             Conj/Fire      #....        78%         1    ##.....
 Throw Flame              Conj/Fire      #.....       89%         2    ###....
 Conjure Flame            Conj/Fire      #.......     98%         3    ####...
 Inner Flame              Hex/Fire       #.......     98%         3    ####...
 Sticky Flame             Conj/Fire      #.......     100%        4    #####..
 Fireball                 Conj/Fire      #.........   100%        5    ######.


Dungeon Overview and Level Annotations

Branches:
Dungeon (7/15)
 Temple: D:4-7

Altars:
Ashenzari
Fedhas
Uskayaw
Vehumet

Shops:
D:6 [


Message History

The hippogriff bites you.
The hippogriff pecks you but does no damage.
The hippogriff claws you.
You slash the hippogriff!
You kill the hippogriff!
Your shield and ring mail prevent you from hitting the orc warrior.
The orc warrior barely misses you.
The orc wizard mumbles some strange words.
The orc wizard seems to speed up.
You closely miss the orc warrior.
The orc warrior hits you with a +0 battleaxe!!
* * * LOW HITPOINT WARNING * * *
The orc wizard gestures wildly while chanting.
The orc wizard blinks!
You can no longer pass through a line of other dancers.
The orc priest looks braver for a moment.
You hit the orc warrior.
The orc warrior is lightly wounded.
The orc warrior hits you with a +0 battleaxe!
You die...

.............z#.#
................#
.............#..
...............
.............#
.............#
.............#
........)....#
..######..@###
#..o# #...#
#..o#### #......#
#......# #.oo...#
#..o...# #...####


You could see an orc warrior, an orc priest, an orc wizard and 2 orcs.

Vanquished Creatures
  A hippogriff (D:7)
  A hungry ghost (D:6)
  2 ice beasts
  A necrophage (D:5)
  2 phantoms
  2 ogres
  A centaur (D:6)
  Blork the orc (D:4)
  2 bullfrogs (D:6)
  A howler monkey (D:5)
  A crimson imp (D:5)
  A jelly (D:5)
  4 hounds
  2 orc wizards (D:6)
  A centaur skeleton (D:7)
  Natasha (twice) (D:2)
  4 worker ants
  A hound skeleton (D:5)
  2 adders (D:6)
  3 oozes
  An adder zombie (D:6)
  4 worms
  2 dart slugs
  3 leopard geckos
  6 orcs
  10 giant cockroaches
  7 goblins
  8 hobgoblins
  4 jackals (D:3)
  3 quokkas
  2 ball pythons (D:2)
  5 bats
  A frilled lizard (D:3)
  A giant cockroach zombie (D:6)
  A jackal skeleton (D:5)
  A jackal zombie (D:6)
  10 kobolds
  16 rats
120 creatures vanquished.

Vanquished Creatures (others)
  A killer bee zombie (D:6)
1 creature vanquished.

Grand Total: 121 creatures vanquished

Notes
Turn   | Place    | Note
-------+----------+-------------------------------------------
     0 | D:1      | thiefwriter the Human Gladiator began the quest for the
                  | Orb.
     0 | D:1      | Reached XP level 1. HP: 16/16 MP: 1/1
    55 | D:1      | Reached XP level 2. HP: 20/22 MP: 2/2
   445 | D:1      | Reached XP level 3. HP: 22/27 MP: 3/3
  1306 | D:2      | Reached XP level 4. HP: 33/33 MP: 4/4
  1339 | D:2      | Noticed Natasha
  1347 | D:2      | Killed Natasha
  1347 | D:2      | Reached skill level 4 in Axes
  1347 | D:2      | Reached skill level 1 in Stealth
  1615 | D:2      | Noticed Natasha
  1627 | D:2      | Killed Natasha
  1627 | D:2      | Reached skill level 1 in Armour
  1627 | D:2      | Reached XP level 5. HP: 17/38 MP: 5/5
  2284 | D:3      | Found a shattered altar of Ashenzari.
  2361 | D:3      | Found a hide-covered altar of Uskayaw.
  2382 | D:3      | Became a worshipper of Uskayaw the Reveler
  2449 | D:3      | Reached * piety under Uskayaw
  2883 | D:4      | Noticed a phantom
  2906 | D:4      | Reached ** piety under Uskayaw
  2923 | D:4      | Killed a phantom
  2923 | D:4      | Reached skill level 1 in Invocations
  2923 | D:4      | Reached XP level 6. HP: 31/46 MP: 5/7
  3049 | D:4      | Noticed Blork the orc
  3089 | D:4      | Reached skill level 5 in Fighting
  3089 | D:4      | Reached skill level 8 in Axes
  3089 | D:4      | Reached skill level 5 in Throwing
  3089 | D:4      | Reached XP level 7. HP: 56/56 MP: 7/12
  3098 | D:4      | Killed Blork the orc
  3787 | D:5      | Entered Level 5 of the Dungeon
  4016 | D:5      | Reached XP level 8. HP: 60/63 MP: 13/13
  4685 | D:5      | Found a radiant altar of Vehumet.
  5103 | D:6      | Found Egrom's Armour Emporium.
  5229 | D:6      | Bought a +0 buckler of reflection for 93 gold pieces
  5654 | D:6      | Reached XP level 9. HP: 50/68 MP: 13/15
  5813 | D:6      | Found a blossoming altar of Fedhas.
  5920 | D:6      | Reached *** piety under Uskayaw
  6054 | D:7      | Reached skill level 9 in Axes
  6122 | D:7      | Noticed a hippogriff
  6154 | D:7      | Killed a hippogriff
  6155 | D:7      | HP: 2/69 [orc warrior/+0 battleaxe (24)]
  6164 | D:7      | Mangled by an orc warrior

Levels and vault maps discovered:
D:1:      lightli_arrival_statuegarden, layout_rooms, minmay_rat_gold_closets
D:2:      minmay_inner_zag, layout_loops_ring, minmay_strange_pillars,
          uniq_natasha
D:3:      layout_rooms, lemuel_coloured_pillars_altar,
          nicolae_overflow_hidden_temple, cheibrodos_ashenzari_chains
D:4:      layout_gridville, first_ration, kennysheep_small_circle,
          uniq_blork_the_orc
D:5:      layout_loops_ring, basic_altar
D:6:      layout_gridville, old_standard_altar, serial_shops,
          nicolae_shop_crystal
D:7:      layout_basic, kiku_gazebo_pond_becter, vehumet_crystals,
          grunt_dithmenos_smoke, minmay_temple_entry_slanted, grunt_livestock,
          minmay_between, uniq_duvessa

Skill      XL: |  1  2  3  4  5  6  7  8  9 |
---------------+----------------------------+-----
Axes           | 4 8 9 |  9.0
Stealth        | 1 |  1.3
Armour         | 1 |  1.4
Invocations    | 1 7 8 |  8.3
Fighting       | 5 |  5.8
Throwing       | 5 |  5.9
Dodging        | 6 |  6.5

Action                   |  1- 3 |  4- 6 |  7- 9 || total
-------------------------+-------+-------+-------++-------
Melee: War axe           |   124 |   122 |   202 ||   448
 Fire: Blowgun           |       |    12 |       ||    12
  Use: Potion            |       |     4 |     2 ||     6
       Scroll            |       |     1 |     2 ||     3
 Stab: Sleeping          |       |     2 |       ||     2
       Paralysed         |       |       |     1 ||     1
  Eat: Ration            |     1 |     1 |     3 ||     5
Armor: Leather armour    |     9 |       |       ||     9
       Ring mail         |    22 |    31 |    45 ||    98
Dodge: Dodged            |    85 |    77 |   119 ||   281
Block: Buckler           |       |       |    22 ||    22
       Reflection        |       |       |     1 ||     1

Table legend:
 A = Non-vault XP
 B = Vault XP
 C = Vault XP percentage of total XP
 D = Non-vault monster count
 E = Vault monster count
 F = Vault count percentage of total count
                 A         B        C        D         E       F
            +---------+---------+-------+---------+---------+-------
      Total |    2435 |     143 |   5.5 |     107 |      14 |  11.6
            +---------+---------+-------+---------+---------+-------
        D:1 |      34 |       8 |  19.0 |      19 |       8 |  29.6
        D:2 |      57 |      41 |  41.8 |      14 |       5 |  26.3
        D:3 |      74 |       0 |   0.0 |      28 |       0 |   0.0
        D:4 |     291 |      94 |  24.4 |       7 |       1 |  12.5
        D:5 |     627 |       0 |   0.0 |      13 |       0 |   0.0
        D:6 |     984 |       0 |   0.0 |      21 |       0 |   0.0
        D:7 |     368 |       0 |   0.0 |       5 |       0 |   0.0
            +---------+---------+-------+---------+---------+-------
